 Dungeon Crawl Stone Soup version 0.30-a0-728-gc68057be0a (webtiles) character file.

Game seed: 305372026281171591

1298 freelancePsychic the Trooper (level 8, -6/70 HPs)
             Began as a Demigod Artificer on Jan 31, 2023.
             Killed by divine providence
             ... invoked by an orc priest
              (14 damage)
             ... on level 6 of the Dungeon.
             The game lasted 00:09:11 (5548 turns).

freelancePsychic the Trooper (Demigod Artificer)    Turns: 5548, Time: 00:09:12

Health: -6/70      AC:  8    Str: 19    XL:     8   Next: 9%
Magic:  12/17      EV: 11    Int: 21    God:
Gold:   288        SH:  0    Dex: 14    Spells: 11/14 levels left

rFire   + . .      SeeInvis +    a - +2 short sword (venom)
rCold   . . .      Faith    .    (no shield)
rNeg    . . .      Spirit   .    G - +3 leather armour {Will+}
rPois   .          Reflect  .    p - +0 helmet {SInv}
rElec   .          Harm     .    (no cloak)
rCorr   .          Rampage  .    t - +0 pair of gloves
Will    +....                    (no boots)
Stlth   ++                       (no amulet)
HPRegen 0.31/turn                j - +6 ring of strength
MPRegen 0.15/turn                F - ring of protection from fire

@: freezing walls
A: high MP 1, forlorn, divine attributes
a: no special abilities


You were on level 6 of the Dungeon.
You visited 1 branch of the dungeon, and saw 6 of its levels.

You collected 288 gold pieces.

Inventory:

Hand Weapons
 a - a +2 short sword of venom (weapon)
 b - a +1 shortbow of draining
Missiles
 y - a curare-tipped dart
Armour
 p - a +0 helmet of see invisible (worn)
 q - a +2 ring mail of fire resistance
 t - a +0 pair of gloves (worn)
 G - a +3 leather armour of willpower (worn)
Jewellery
 j - a +6 ring of strength (left hand)
 x - a ring of willpower
 D - a ring of protection from cold
 F - a ring of protection from fire (right hand)
Wands
 c - a wand of flame (8) (quivered)
 d - a wand of charming (12)
 e - a wand of iceblast (1)
 A - a wand of mindburst (9)
Scrolls
 h - 5 scrolls of amnesia
 k - a scroll of brand weapon
 l - a scroll of identify {@r1}
 m - 2 scrolls of poison
 n - a scroll of fear
 u - 2 scrolls of blinking {unknown}
 v - a scroll of vulnerability {unknown}
 z - a scroll of enchant weapon {unknown}
 C - 2 scrolls of magic mapping {unknown}
Potions
 f - a potion of lignification {unknown}
 g - 3 potions of ambrosia {unknown}
 i - 2 potions of curing {unknown}
 o - 4 potions of brilliance {unknown}
 r - a potion of degeneration {unknown}
 s - 2 potions of berserk rage {unknown}
 w - a potion of flight {unknown}
 B - a potion of might
 E - a potion of mutation {unknown}


   Skills:
 + Level 6.0 Fighting
 - Level 2.1 Maces & Flails
 - Level 1.7 Armour
 - Level 0.8 Dodging
 - Level 3.0 Stealth
 + Level 3.9 Spellcasting
 - Level 3.2 Ice Magic
 - Level 3.0 Evocations


You had 11 spell levels left.
You knew the following spells:

 Your Spells              Type           Power      Damage    Failure   Level
a - Frozen Ramparts       Ice            34%        1d6       12%         3

Your spell library contained the following spells:

 Spells                   Type           Power      Damage    Failure   Level
 Freeze                   Ice            68%        1d8       3%          1
 Cigotuvi's Dreadful Rot  Necr/Pois/Air  8%         N/A       22%         2
 Poisonous Vapours        Pois/Air       8%         N/A       22%         2
 Hailstorm                Conj/Ice       10%        3d5       22%         3
 Mephitic Cloud           Conj/Pois/Air  4%         N/A       41%         3
 Dispel Undead            Necr           4%         3d7       82%         4
 Death Channel            Necr           2%         N/A       100%        6
 Chain Lightning          Conj/Air       2%         3d2       100%        9


Dungeon Overview and Level Annotations

Branches:
Dungeon (6/15)             Temple (0/1) D:6


Innate Abilities, Weirdness & Mutations

You have an increased reservoir of magic. (+10% MP)
You shall have no god before yourself.
Your divine heritage dramatically boosts your attributes as you level up.


Message History

The phantom completely resists.
The wall freezes the phantom but does no damage.
You hit the orc priest but do no damage.
The orc priest is heavily wounded.
The white imp resists.
The wall freezes the white imp.
The white imp hits you. The white imp freezes you.
The wall freezes the phantom but does no damage.
The wall freezes the orc priest.
The orc priest invokes the aid of Beogh against you.
Beogh smites you!
* * * LOW HITPOINT WARNING * * *
The wall freezes the sky beast.
You hit the orc priest but do no damage.
The orc priest is severely wounded.
The frozen ramparts melt away.
The orc priest barely misses you.
The white imp hits you but does no damage.
The sky beast flickers out of sight for a moment.
Casting: Frozen Ramparts (dangerous; 12% risk of failure)
Confirm with . or Enter, or press ? or * to list all spells.
Casting: Frozen Ramparts (dangerous; 12% risk of failure)
Press: ? - help, Dir - look around, f - activate The walls around you are covered in ice.
The wall freezes the sky beast.
The wall freezes the white imp but does no damage.
The white imp misses you.
The phantom completely resists.
The wall freezes the phantom but does no damage.
The wall freezes the orc priest but does no damage.
You barely miss the white imp.
The white imp is lightly wounded.
The wall freezes the sky beast.
The wall freezes the white imp but does no damage.
The white imp hits you.
* * * LOW HITPOINT WARNING * * *
The white imp freezes you.
* * * LOW HITPOINT WARNING * * *
The phantom resists.
The wall freezes the phantom.
The wall freezes the orc priest.
The orc priest calls down the wrath of Beogh upon you.
Beogh smites you!
You die...

#........#
#........#
#........#
........###
..........
/Yo...###
#oW......
#5# #@# #)#
#)# #.# #.#
#.# #+# #.#
#.# #.# #.#
#####.#


You could see a sky beast (invisible), a phantom, an orc priest, an orc wizard
(invisible, poisoned) and a white imp.

Vanquished Creatures
  Eustachio (D:6)
  A steam dragon (D:4)
  Menkaure (D:4)
  Duvessa (D:5)
  A centaur (D:6)
  A kobold brigand (D:4)
  Blork the orc (D:4)
  A scorpion (D:4)
  2 orc priests
  3 hounds (D:5)
  3 iguanas
  6 adders
  11 gnolls
  A shadow imp (D:5)
  3 worms
  15 orcs
  8 endoplasms
  3 giant cockroaches
  11 goblins
  4 hobgoblins
  6 kobolds
  4 quokkas
  9 ball pythons
  3 bats
  A frilled lizard (D:3)
  5 rats
106 creatures vanquished.

Vanquished Creatures (collateral kills)
  Dowan (D:4)
  A hound (D:5)
2 creatures vanquished.

Vanquished Creatures (others)
  A hound (D:5)
  A giant cockroach (D:4)
2 creatures vanquished.

Grand Total: 110 creatures vanquished

Notes
Turn   | Place    | Note
-------+----------+-------------------------------------------
     0 | D:1      | freelancePsychic the Demigod Artificer began the quest for
                  | the Orb.
     0 | D:1      | Reached XP level 1. HP: 15/15 MP: 3/3
     7 | D:1      | Noticed a merfolk zombie
    15 | D:1      | Noticed a minotaur zombie
    42 | D:1      | Reached skill level 1 in Fighting
    43 | D:1      | Reached skill level 1 in Stealth
   278 | D:1      | Reached XP level 2. HP: 21/23 MP: 4/4
   880 | D:2      | Reached XP level 3. HP: 25/29 MP: 5/5
  1171 | D:2      | Reached skill level 2 in Fighting
  1171 | D:2      | Reached skill level 1 in Maces & Flails
  1186 | D:2      | Reached skill level 1 in Ice Magic
  1310 | D:2      | Reached XP level 4. HP: 36/36 MP: 6/6
  1988 | D:3      | Got Finoyr's Tome of Virulence and Nephomancy
  2448 | D:3      | Learned a level 3 spell: Frozen Ramparts
  2488 | D:4      | Noticed a steam dragon
  2503 | D:4      | Killed a steam dragon
  2504 | D:4      | Reached XP level 5. HP: 18/44 MP: 7/7
  2720 | D:4      | Noticed Blork the orc
  2733 | D:4      | Killed Blork the orc
  2734 | D:4      | Reached skill level 3 in Fighting
  2734 | D:4      | Reached XP level 6. HP: 28/51 MP: 8/8
  3314 | D:4      | Noticed Menkaure
  3543 | D:4      | Killed Menkaure
  3544 | D:4      | Reached skill level 4 in Fighting
  3544 | D:4      | Reached skill level 1 in Spellcasting
  3544 | D:4      | Reached XP level 7. HP: 20/59 MP: 8/11
  3855 | D:4      | Noticed Dowan
  3861 | D:4      | Noticed Duvessa
  3879 | D:4      | Killed Dowan
  3882 | D:5      | Entered Level 5 of the Dungeon
  3915 | D:5      | Killed Duvessa
  3998 | D:5      | Reached skill level 5 in Fighting
  5348 | D:6      | Found a staircase to the Ecumenical Temple.
  5353 | D:6      | Noticed Eustachio
  5382 | D:6      | Killed Eustachio
  5383 | D:6      | Reached XP level 8. HP: 50/70 MP: 9/17
  5543 | D:6      | Reached skill level 6 in Fighting
  5548 | D:6      | Killed from afar by an orc priest

Illustrated notes

Levels and vault maps discovered:
D:1:      shiori_arrival_whats_in_store_for_you, layout_basic
D:2:      layout_loops_ring
D:3:      layout_basic, grunt_temple_overflow_open, hangedman_decor_growths,
          kennysheep_cluttered_room, minmay_distorted
D:4:      layout_loops_cross, nicolae_ru_path_of_blood, uniq_duvessa,
          uniq_menkaure, uniq_blork_the_orc
D:5:      layout_basic
D:6:      layout_loops_ring, nicolae_gozag_seed_capital,
          lemuel_mausoleum_altar_kikubaaqudgha, minmay_temple_entry_grid,
          chequers_serial_rivers_small_b, uniq_eustachio

Skill      XL: |  1  2  3  4  5  6  7  8 |
---------------+-------------------------+-----
Fighting       | 1 2 3 4 5 6 |  6.0
Stealth        | 1 2 3 |  3.0
Evocations     | 3 |  3.0
Maces & Flails | 1 2 |  2.1
Ice Magic      | 1 2 3 |  3.2
Spellcasting   | 1 3 |  3.9
Armour         | |  1.7
Dodging        | |  0.8

Action                     |  1- 3 |  4- 6 |  7- 9 || total
---------------------------+-------+-------+-------++-------
  Melee: Club              |    20 |       |       ||    20
         Dagger            |   119 |    25 |       ||   144
         Short sword       |       |    76 |   137 ||   213
         Punch             |       |     3 |     2 ||     5
   Fire: Shortbow          |       |    55 |       ||    55
   Cast: Frozen Ramparts   |       |       |     6 ||     6
  Evoke: Wand              |     5 |     2 |     7 ||    14
    Use: Scroll            |     3 |     1 |     2 ||     6
   Stab: Sleeping          |     5 |       |       ||     5
 Armour: Leather armour    |    38 |       |    10 ||    48
         Ring mail         |     9 |    73 |    60 ||   142
         Skin              |       |       |     1 ||     1
  Dodge: Dodged            |    78 |    69 |    90 ||   237

Table legend: (Time is in decaauts)
 A = Elapsed time spent in this place.
 B = Non-inter-level travel time spent in this place.
 C = Inter-level travel time spent in this place.
 D = Time resting spent in this place.
 E = Time spent auto-exploring this place.
 F = Levels seen in this place.
 G = Mean time per level.
                   A        B        C        D        E       F      G
               +--------+--------+--------+--------+--------+-----+--------+
         Total |   5587 |   5264 |    323 |    167 |   4055 |   6 |  931.2 |
       Dungeon |   5587 |   5264 |    323 |    167 |   4055 |   6 |  931.2 |
               +--------+--------+--------+--------+--------+-----+--------+

Top non-repeatable levels by time:
     D:4: 1387 daAuts
     D:3: 1165 daAuts
     D:5: 1140 daAuts
     D:1: 869 daAuts
     D:2: 826 daAuts
     D:6: 198 daAuts
